Map: Terraços Prion

Players

TheZergLord - Winner!

  • Race: Zerg Zerg
  • League: Master

ToP

  • Race: Zerg Zerg
  • League: Master

VOD

Have the link to the VOD?

Description

Time

  • Played on: Feb. 27, 2016, 2:15 p.m.
  • Length: 11:51
Show
View Real Time Build Order
Export as new Build Order

TheZergLord Zerg - Winner!

Build Orders: Hatch First 

Get SALT Encoding   

  12  0:01  Drone  
  13  0:12  Overlord  
  13  0:17  Drone  
  14  0:31  Drone  
  14  0:32  Drone  
  14  0:34  Drone  
  17  0:52  Hatchery  
  17  0:55  Drone  
  17  1:08  Spawning Pool  
  17  1:10  Extractor  
  15  1:13  Drone  
  15  1:16  Drone  
  17  1:20  Drone  
  18  1:28  Drone  
  19  1:39  Overlord  
  19  1:55  Queen  
  19  1:56  Zergling x2  
  22  2:01  Drone  
  22  2:07  Drone, Queen  
  26  2:12  Drone  
  27  2:17  Metabolic Boost  
  27  2:20  Drone  
  28  2:24  Drone  
  28  2:29  Drone  
  30  2:31  Queen  
  32  2:40  Baneling Nest  
  31  2:46  Overlord  
  31  2:49  Drone x2  
  31  2:50  Drone  
  34  2:55  Drone  
  34  2:58  Zergling x2  
  36  3:07  Overlord  
  36  3:09  Drone  
  36  3:12  Zergling x4  
  39  3:13  Drone  
  39  3:17  Drone x3  
  43  3:22  Drone  
  44  3:32  Baneling x2  
  43  3:35  Hatchery, Overlord  
  43  3:36  Drone x2  
  43  3:41  Spine Crawler  
  43  3:47  Overlord  
  43  3:50  Drone x3  
  43  3:51  Drone x2  
  43  3:55  Overlord  
  48  3:56  Drone  
  48  4:02  Drone  
  50  4:06  Roach Warren  
  50  4:08  Evolution Chamber, Lair  
  48  4:10  Extractor  
  48  4:12  Extractor  
  40  4:35  Drone x6  
  46  4:43  Zergling x6  
  50  4:51  Baneling x4  
  49  4:58  Roach x3  
  55  5:04  Extractor  
  55  5:05  Drone  
  55  5:06  Glial Reconstitution  
  55  5:07  Zerg Missile Weapons Level 1  
  55  5:16  Roach x2  
  59  5:21  Roach  
  59  5:22  Hatchery, Roach x2  
  64  5:32  Roach  
  64  5:33  Roach x2  
  69  5:45  Roach x2  
  73  5:50  Roach  
  73  5:52  Overlord x3  
  73  6:14  Roach  
  73  6:15  Roach x4  
  77  6:20  Roach x4  
  79  6:30  Roach x2  
  79  6:31  Roach x2  
  87  6:36  Overlord  
  87  6:43  Roach x2  
  87  6:45  Ravager x4  
  95  6:49  Ravager  
  95  6:51  Drone x3  
  99  6:56  Drone x3  
  99  6:57  Drone x4  
  99  7:00  Roach  
  108  7:07  Zerg Missile Weapons Level 2  
  108  7:09  Drone x2  
  108  7:12  Hatchery  
  95  7:28  Roach x6  
  95  7:29  Roach x2  
  100  7:32  Roach  
  100  7:33  Roach  
  88  7:49  Extractor  
  88  7:50  Extractor  
  88  7:51  Pneumatized Carapace  
  86  7:54  Drone x7  
  86  7:55  Drone x4  
  97  8:04  Ravager x3  
  100  8:08  Roach x3  
  106  8:26  Roach x4  
  118  8:27  Roach x3  
  118  8:29  Overlord x3  
  120  8:44  Overlord x3  
  120  8:52  Roach  
  120  8:53  Roach x7  
  136  9:14  Roach  
  136  9:15  Roach x9  
  156  9:29  Zerg Ground Armor Level 1  
  153  9:36  Roach x6  
  153  9:37  Roach  
  163  10:08  Overlord x3  
  163  10:11  Hatchery  
  163  10:13  Extractor  
  161  10:15  Extractor  
  160  10:25  Roach  
  160  10:26  Roach x7  
  160  10:27  Roach x2  
  171  10:34  Ravager  
  167  10:38  Roach x4  
  167  10:39  Roach  
  167  10:42  Ravager x5  
  179  10:43  Ravager  
  151  11:00  Roach x7  
  125  11:28  Hatchery  
  125  11:31  Roach x6  
  125  11:32  Roach  
Show
View Real Time Build Order
Export as new Build Order

ToP Zerg 

Build Orders: Hatch First 

Get SALT Encoding   

  12  0:01  Drone  
  13  0:12  Overlord  
  13  0:17  Drone  
  14  0:30  Drone  
  14  0:31  Drone  
  16  0:49  Hatchery  
  15  0:52  Drone  
  15  0:55  Drone  
  17  0:59  Extractor  
  16  1:13  Spawning Pool  
  16  1:15  Drone  
  16  1:18  Drone  
  17  1:26  Drone  
  17  1:29  Drone  
  19  1:39  Overlord  
  19  2:00  Metabolic Boost  
  19  2:01  Queen  
  21  2:03  Zergling x2  
  22  2:11  Queen  
  22  2:15  Drone  
  25  2:18  Drone  
  25  2:22  Drone  
  27  2:23  Drone  
  28  2:30  Drone x2  
  30  2:42  Baneling Nest  
  30  2:43  Drone x2  
  31  2:44  Evolution Chamber  
  31  2:46  Drone  
  31  2:55  Zergling x2  
  31  2:58  Queen  
  32  2:59  Overlord  
  34  3:13  Zerg Ground Armor Level 1  
  34  3:15  Drone  
  34  3:17  Drone  
  36  3:31  Hatchery  
  35  3:37  Zergling x2  
  35  3:38  Zergling x12  
  35  3:39  Zergling x2  
  43  3:43  Baneling  
  43  3:44  Baneling  
  43  3:50  Drone  
  43  3:55  Baneling  
  44  4:02  Extractor  
  44  4:03  Overlord x2  
  44  4:04  Roach Warren  
  44  4:09  Drone x2  
  43  4:26  Drone x6  
  48  4:32  Baneling x3  
  48  4:35  Drone x4  
  52  4:42  Overlord x3  
  52  4:57  Queen x2  
  58  5:01  Lair  
  58  5:03  Extractor  
  55  5:07  Zerg Missile Weapons Level 1  
  55  5:14  Drone x9  
  64  5:24  Drone  
  64  5:25  Drone x3  
  68  5:29  Roach x3  
  68  5:33  Roach x2  
  78  5:38  Roach x2  
  82  5:48  Extractor  
  81  5:50  Spore Crawler x2  
  81  5:51  Roach x4  
  87  5:57  Roach  
  87  6:00  Overlord x2  
  85  6:15  Roach x3  
  85  6:17  Roach x2  
  87  6:21  Roach x6  
  87  6:22  Roach  
  99  6:26  Drone  
  99  6:27  Drone x4  
  99  6:31  Extractor  
  103  6:33  Roach  
  103  6:34  Zergling x2  
  103  6:37  Overlord  
  103  6:38  Overlord  
  106  6:53  Overlord  
  106  6:55  Queen  
  106  6:56  Ravager x3  
  106  6:59  Roach x2  
  106  7:01  Overlord x3  
  115  7:02  Zergling x10  
  111  7:16  Roach x3  
  111  7:18  Roach x2  
  107  7:24  Roach x2  
  107  7:28  Roach x3  
  107  7:29  Roach  
  107  7:33  Roach x3  
  103  7:38  Roach x2  
  105  7:46  Glial Reconstitution  
  105  7:54  Roach x4  
  105  7:55  Zergling x6  
  105  7:57  Queen x2  
  120  8:03  Roach x2  
  120  8:04  Hatchery, Ravager  
  124  8:07  Extractor  
  127  8:12  Roach  
  127  8:13  Roach x4  
  133  8:26  Roach  
  145  8:27  Roach x5  
  145  8:28  Overlord  
  145  8:31  Overlord  
  145  8:40  Zerg Missile Weapons Level 2  
  143  8:51  Roach x9  
  143  8:55  Ravager  
  162  8:59  Overlord x3  
  162  9:13  Overlord x3  
  162  9:27  Roach x5  
  162  9:28  Roach x7  
  174  9:44  Roach x8  
  180  9:46  Roach  
  163  10:07  Ravager x6  
  163  10:08  Drone  
  163  10:09  Drone x10  
  178  10:30  Roach x8  
  178  10:31  Roach  
  135  11:01  Roach  
  135  11:02  Roach x8  
  103  11:11  Roach  
  86  11:13  Roach  
  86  11:15  Roach  
  86  11:16  Roach x6  
  90  11:28  Ravager  
  90  11:29  Roach x3  
  90  11:30  Roach  
Tags
 
Add a new tag
Caveats
  • Supply blocks, unpowered buildings, or Contaminate may cause inaccurate times.
  • Supply counts are checked every 10 seconds.